 Dungeon Crawl Stone Soup version 0.24-a0-581-gc0fa6600bf (webtiles) character file.

Game seed: 10150319635492411795

111 Peloso the Shield-Bearer (level 4, 0/40 HPs)
             Began as a Minotaur Fighter on Aug 25, 2019.
             Was an Initiate of Okawaru.
             Slain by an ogre
             ... wielding a +0 giant club
              (6 damage)
             ... on level 4 of the Dungeon.
             The game lasted 00:06:10 (2650 turns).

Peloso the Shield-Bearer (Minotaur Fighter)         Turns: 2650, Time: 00:06:11

Health: 0/40       AC:  6    Str: 20    XL:     4   Next: 62%
Magic:  3/3        EV:  8    Int:  5    God:    Okawaru [......]
Gold:   92         SH:  9    Dex: 11    Spells: 3/3 levels left

rFire    . . .     SeeInvis .   a - +1 long sword
rCold    . . .     Gourm    .   c - +0 shield
rNeg     . . .     Faith    .   b - +0 scale mail
rPois    .         Spirit   .   (helmet restricted)
rElec    .         Reflect  .   j - scarf {cloud immunity}
rCorr    .         Harm     .   m - +1 pair of gloves
MR       .....                  (no boots)
Stlth    ..........             (no amulet)
HPRegen  0.13/turn              (no ring)
MPRegen  0.08/turn              (no ring)

@: no status effects
A: retaliatory headbutt, horns 2, deformed body, mutation resistance 1
a: Renounce Religion


You were on level 4 of the Dungeon.
You worshipped Okawaru.
Okawaru was noncommittal.
You were near starving.

You visited 2 branches of the dungeon, and saw 5 of its levels.

You collected 92 gold pieces.

Inventory:

Hand Weapons
 a - a +1 long sword (weapon)
Armour
 b - a +0 scale mail (worn)
 c - a +0 shield (worn)
 j - a scarf of cloud immunity (worn)
 m - a +1 pair of gloves (worn)
Scrolls
 e - 3 scrolls of enchant weapon
 h - a scroll of amnesia {unknown}
 k - a scroll of fear
 p - a scroll of magic mapping
 r - 2 scrolls of teleportation
 t - a scroll of enchant armour
Potions
 d - a potion of might
 g - a potion of heal wounds
 n - a potion of mutation
 q - a potion of cancellation
 s - a potion of magic
Comestibles
 f - 7 rations


   Skills:
 + Level 4.2 Fighting
 + Level 3.7 Long Blades
 + Level 4.4 Armour
 + Level 0.9 Dodging
 + Level 4.5 Shields


You had 3 spell levels left.
You didn't know any spells.
Your spell library was empty.

Dungeon Overview and Level Annotations

Branches:
Dungeon (4/15)             Temple (1/1) D:4

Altars:
Ashenzari
Cheibriados
Dithmenos
Elyvilon
Fedhas
Gozag
Hepliaklqana
Kikubaaqudgha
Makhleb
Nemelex Xobeh
Okawaru
Qazlal
Ru
Sif Muna
Trog
Uskayaw
Vehumet
Xom
Zin

Annotations:
D:3 2 transporters, 3 runed translucent doors, potatomancer's ghost, amateur DrFE


Innate Abilities, Weirdness & Mutations

You reflexively headbutt those who attack you in melee.
You have a pair of horns on your head.
Armour fits poorly on your strangely shaped body.
You are somewhat resistant to further mutation.


Message History

The ogre shouts!
An ogre is nearby!
You barely miss the ogre. You headbutt the ogre!
The ogre is moderately wounded.
The ogre hits you with a +0 giant club!
You hit the ogre.
The ogre is heavily wounded.
The ogre hits you with a +0 giant club!!
Ouch! That really hurt!
* * * LOW HITPOINT WARNING * * *
You hit the ogre.
The ogre is heavily wounded.
The ogre closely misses you.
You slash the ogre!
The ogre is almost dead.
You block the ogre's attack.
You hit the ogre.
The ogre is almost dead.
The ogre hits you with a +0 giant club.
You die...

#...# . #...# .#
###...#### ...
.....#.. ..# ....#.##
..############..#..#
...................#
................@..#
.#..##########..#O##
................#...
.......##.####.##..##
.#........ ... ..#
.....#.#..# ##.. ..#
.#.#.#..... ......#
.....# ..## .>.#.##
.....#...# ...#


You could see an ogre.

Vanquished Creatures
  4 adders
  A worm (D:3)
  5 dart slugs
  4 leopard geckos
  An orc (D:4)
  A giant cockroach (D:1)
  7 goblins
  9 hobgoblins
  3 jackals (D:3)
  A quokka (D:3)
  5 bats
  A frilled lizard (D:3)
  9 kobolds
  6 rats
57 creatures vanquished.

Notes
Turn   | Place    | Note
-------+----------+-------------------------------------------
     0 | D:1      | Peloso the Minotaur Fighter began the quest for the Orb.
     0 | D:1      | Reached XP level 1. HP: 19/19 MP: 0/0
    85 | D:1      | Reached XP level 2. HP: 20/27 MP: 1/1
   143 | D:1      | Gained mutation: Armour fits poorly on your strangely
                  | shaped body. [potion of mutation]
   143 | D:1      | Gained mutation: You are somewhat resistant to further
                  | mutation. [potion of mutation]
   368 | D:1      | Reached XP level 3. HP: 31/33 MP: 2/2
   634 | D:2      | Found a blossoming altar of Fedhas.
  1039 | D:2      | Reached XP level 4. HP: 40/40 MP: 3/3
  1483 | D:3      | Found a transporter.
  1508 | D:3      | Found a transporter.
  1989 | D:3      | Found a runed translucent gate.
  1989 | D:3      | Found a runed translucent gate.
  1995 | D:3      | Found a runed translucent gate.
  1997 | D:3      | Noticed potatomancer's ghost (amateur DrFE)
  2401 | D:4      | Found a staircase to the Ecumenical Temple.
  2424 | Temple   | Entered the Ecumenical Temple
  2588 | Temple   | Became a worshipper of Warmaster Okawaru
  2645 | D:4      | Noticed an ogre
  2650 | D:4      | Slain by an ogre

Levels and vault maps discovered:
D:1:      minmay_arrival_hallway, layout_basic
D:2:      minmay_chambers_of_ones, layout_rooms, fedhas_altar_3
D:3:      gammafunk_wand_slinger, layout_loops_corners,
          gammafunk_ghost_necromancy
D:4:      cheibrodos_pilgrimage, layout_basic,
          minmay_temple_entry_drinking_statues, first_ration,
          serial_bayou_lake_a
Temple:   dpeg_five_rooms_temple

Skill      XL: |  1  2  3 |
---------------+----------+-----
Shields        | 4 |  4.5
Fighting       | 4 |  4.2
Armour         | 4 |  4.4
Long Blades    | 3 |  3.7
Dodging        | |  0.9

Action                   |  1- 3 |  4- 6 || total
-------------------------+-------+-------++-------
Melee: Long sword        |    97 |    68 ||   165
       Headbutt          |     7 |     9 ||    16
  Use: Potion            |     2 |     5 ||     7
       Scroll            |       |     8 ||     8
  Eat: Chunk             |       |     4 ||     4
Armor: Scale mail        |    43 |    20 ||    63
Dodge: Dodged            |    32 |    28 ||    60
Block: Shield            |    57 |    26 ||    83
       Rpst.: Long sword |    10 |     8 ||    18

Table legend:
 A = Non-vault XP
 B = Vault XP
 C = Vault XP percentage of total XP
 D = Non-vault monster count
 E = Vault monster count
 F = Vault count percentage of total count
                 A         B        C        D         E       F
            +---------+---------+-------+---------+---------+-------
      Total |     149 |      10 |   6.3 |      52 |       5 |   8.8
            +---------+---------+-------+---------+---------+-------
        D:1 |      48 |       0 |   0.0 |      22 |       0 |   0.0
        D:2 |      46 |      10 |  17.9 |      12 |       5 |  29.4
        D:3 |      52 |       0 |   0.0 |      17 |       0 |   0.0
        D:4 |       3 |       0 |   0.0 |       1 |       0 |   0.0
            +---------+---------+-------+---------+---------+-------
